[Event "GrandPrix_29.05"]
[Site "Chess.com"]
[Date "2020.05.29"]
[Round "6"]
[White "tsaruk_maks"]
[Black "SantoBlue"]
[Result "1/2-1/2"]
[WhiteElo "2278"]
[BlackElo "2406"]
[TimeControl "600+2"]
[EndTime "11:59:34 PDT"]
[Termination "Game drawn by repetition"]

1. e4 c5 2. Nf3 Nc6 3. d4 cxd4 4.
Nxd4 Nf6 5. Nc3 d6 6. Bg5 e6 7. Qd2 a6 8. O-O-O h6 9. Bf4 Bd7 10. Nxc6 Bxc6 11. Bxd6 Bxd6 12. Qxd6 Qxd6 13. Rxd6 Ke7 14.
Rd4 e5 15. Rd2 Nxe4 16. Nxe4 Bxe4 17. Re2 Bg6 18. Rxe5+ Kf6 19. Re3 Rhe8 20. Rf3+ Ke7 21. Bd3 Bxd3 22. Rxd3 Kf6 23. Kd2 Rac8 24. c3 Rcd8 25. Rd1 Rxd3+ 26. Kxd3 g5 27. c4 g4 28. b4 Kf5 29. c5 h5 30. a4 h4 31. b5 axb5 32.
axb5 Rd8+ 33. Ke2 Re8+ 34. Kf1 Rc8 35. Rc1 Ke5 36. c6 bxc6 37. bxc6 Kd6 38. Ke2 Re8+ 39. Kd3 Kc7 40. Rc4 f5 41. Rc5 g3 42. hxg3 hxg3 43. fxg3 Rg8 44. Ke3 Rxg3+ 45. Kf2 Ra3 46. Rxf5 Kxc6 47. Rf3 Ra2+ 48. Kg3 Kd6 49. Rf2 Ra8 50. Re2 Rg8+ 51. Kh2 Rh8+ 52. Kg1 Rg8 53. Re3 Kd5 54. g3 Kd4 55. Kf2 Rf8+ 56. Rf3 Rg8 57. Rf4+ Ke5 58. Kf3 Ra8 59. Kg2 Rg8 60. Rf2 Rg7 61.
Rf3 Rg8 62. Rf2 Rg7 63. Rf3 Rg8 64. Rf2 1/2-1/2

[Event "GrandPrix_29.05"]
[Site "Chess.com"]
[Date "2020.05.29"]
[Round "6"]
[White "LANCELOT96"]
[Black "cukus"]
[Result "1/2-1/2"]
[WhiteElo "2074"]
[BlackElo "2161"]
[TimeControl "600+2"]
[EndTime "11:59:34 PDT"]
[Termination "Game drawn by repetition"]

1. d4 Nf6 2. c4 g6 3. Nc3 d5 4. Nf3 Bg7 5. Bg5 Ne4 6. cxd5 Nxg5 7.
Nxg5 e6 8. Nf3 exd5 9. b4 Qd6 10. Qb3 c6 11. e3 O-O 12. Be2 Na6 13. b5 Nc7 14.
bxc6 bxc6 15. O-O Bf5 16. Na4 Rab8 17. Qc3 Nb5 18. Qc5 Qxc5 19. Nxc5 Nc3 20. Bd3 Ne4 21.
Bxe4 dxe4 22. Nd2 Rfe8 23. Rab1 Bf8 24. Ndb3 Rb5 25. h3 h5 26. a4 Rb4 27. Na5 Rb6 28.
Nc4 Rbb8 29. Rfc1 Kg7 30. Na6 Rxb1 31. Rxb1 Rc8 32. Nc5 Rd8 33. Rb7 Bxc5 34. dxc5 Rd7 35.
Rb1 Rd5 36. Rb7 Rxc5 37. Nd6 Ra5 38. Rxf7+ Kg8 39. Rf6 Kg7 40. Rf7+ Kg8 41. Rc7 Rxa4 42.
Nxf5 gxf5 43. Rxc6 Kg7 44. h4 Ra2 45. Kh2 a5 46. Kg3 a4 47. Ra6 a3 48. f3 exf3 49. gxf3 Ra1 50. Kf4 a2 51. Kxf5 Rf1 52. Rxa2 Rxf3+ 53. Ke4 Rh3 54. Rg2+ Kf6 55. Rf2+ Ke6 56. Rf4 Rh1 57.
Kf3 Rf1+ 58. Kg3 Rg1+ 59. Kf2 Rh1 60. Ra4 Kf5 61. Kg2 Rb1 62. Kg3 Rg1+ 63. Kh3 Rh1+ 64. Kg3 Rg1+ 65. Kf3 Rf1+ 66. Kg2 Rb1 67. Kh2 Rc1 68.
Rf4+ Ke5 69. Rf8 Ke4 70. Rh8 Kxe3 71. Rxh5 Kf4 72. Rg5 Rc2+ 73. Kh3 Rc3+ 74. Kh2 Rc2+ 75. Kh1 Rc1+ 76. Kh2 Rc2+ 1/2-1/2

[Event "GrandPrix_29.05"]
[Site "Chess.com"]
[Date "2020.05.29"]
[Round "6"]
[White "Durarbayli"]
[Black "Arseniy_Nesterov"]
[Result "1-0"]
[WhiteElo "2521"]
[BlackElo "2274"]
[TimeControl "600+2"]
[EndTime "11:59:35 PDT"]
[Termination "Durarbayli won by resignation"]

1. e4 e5 2. Nf3 Nc6 3. Bb5 Nf6 4. d3 Bc5 5. Bxc6 dxc6 6. Nbd2 Bd6 7. Nc4 Qe7 8. h3 Be6 9. Nfxe5 O-O-O 10. Qe2 Bxe5 11.
Nxe5 Qb4+ 12. c3 Qb5 13. Bf4 Nd7 14. a4 Qa6 15. d4 Qxe2+ 16. Kxe2 Nxe5 17. Bxe5 f6 18. Bg3 Bc4+ 19. Ke3 Rhe8 20. f3 c5 21. a5 a6 22.
Rhd1 Bb3 23. Rd2 c4 24. Bh2 Rd5 25. g4 Kd7 26. Bf4 Rb5 27. h4 c6 28. Rg2 Re7 29.
g5 f5 30. Be5 fxe4 31. fxe4 g6 32. Rf2 Ke8 33. Bd6 Rf7 34. Rxf7 Kxf7 35. Rf1+ Ke6 36. Rf6+ Kd7 37. Bb4 c5 38. dxc5 1-0

[Event "GrandPrix_29.05"]
[Site "Chess.com"]
[Date "2020.05.29"]
[Round "6"]
[White "Tesla37"]
[Black "mishikomchedlishvili"]
[Result "1-0"]
[WhiteElo "2928"]
[BlackElo "2449"]
[TimeControl "600+2"]
[EndTime "11:59:40 PDT"]
[Termination "Tesla37 won by resignation"]

1. e4 d6 2. d4 Nf6 3. Nc3 g6 4. Be3 c6 5. h3 Nbd7 6. f4 e5 7. Nf3 Qa5 8. Bd3 Bh6 9. Qd2 Nh5 10. f5 Bxe3 11. Qxe3 Nhf6 12. O-O-O b5 13. dxe5 dxe5 14. Kb1 b4 15. Ne2 Qb6 16. Qh6 Qc5 17. fxg6 fxg6 18. Ng5 Qf8 19. Qh4 Nb6 20. Rhf1 Qe7 21. Rf3 Bd7 22.
Rdf1 Rf8 23. Qf2 c5 24. Nc1 h6 25. Rxf6 Rxf6 26. Qxf6 Qxf6 27. Rxf6 hxg5 28. Rxg6 Ke7 29. Rxg5 Rf8 30. Rxe5+ Kd6 31. Rg5 Rf2 32. b3 Be6 33.
Be2 c4 34. h4 c3 35. h5 Ke7 36.
h6 Rf7 37. Rh5 1-0

[Event "GrandPrix_29.05"]
[Site "Chess.com"]
[Date "2020.05.29"]
[Round "6"]
[White "Thor736"]
[Black "hypert"]
[Result "1/2-1/2"]
[WhiteElo "2034"]
[BlackElo "2116"]
[TimeControl "600+2"]
[EndTime "11:59:43 PDT"]
[Termination "Game drawn by agreement"]

1. e4 c5 2. Nf3 Nc6 3. d4 cxd4 4. Nxd4 e5 5. Nb5 a6 6. Nd6+ Bxd6 7. Qxd6 Qf6 8. Qxf6 Nxf6 9. Nc3 Nb4 10. Bd3 h6 11.
Be3 d5 12. exd5 Nbxd5 13. Nxd5 Nxd5 14. Bd2 Be6 15. O-O-O f6 16. f4 Nxf4 17. Bxf4 exf4 18. Be4 Rb8 19. Rd6 Kf7 20. Rb6 f5 21. Bxb7 Rhe8 22. Re1 Re7 23. Rbxe6 Rexb7 24. b3 Rb6 25. Rxb6 Rxb6 26. c4 g5 27. Kc2 Re6 28. Rxe6 Kxe6 29. b4 h5 30. Kd3 h4 31. Ke2 g4 32. Kf2 Kd6 33. a4 Kc6 34. b5+ axb5 35. cxb5+ 1/2-1/2

[Event "GrandPrix_29.05"]
[Site "Chess.com"]
[Date "2020.05.29"]
[Round "6"]
[White "am00ss00"]
[Black "cassoulet"]
[Result "0-1"]
[WhiteElo "2066"]
[BlackElo "2061"]
[TimeControl "600+2"]
[EndTime "11:59:45 PDT"]
[Termination "cassoulet won by resignation"]

1. e4 c5 2. Nc3 Nc6 3. g3 g6 4. Bg2 Bg7 5. d3 d6 6. f4 e6 7. Nf3 Nge7 8. O-O O-O 9. Be3 b6 10. Qd2 d5 11. exd5 exd5 12. Bf2 Ba6 13. Rfe1 d4 14.
Ne4 Re8 15. Re2 h6 16. g4 Nd5 17. Rae1 Qc7 18. Ne5 Nxe5 19. fxe5 Bxe5 20. Qxh6 Bg7 21. Qg5 Bb7 22. Bg3 Qd7 23. Nd6 Rxe2 24. Rxe2 Bf6 25. Qh6 Bc6 26. Rf2 Qe6 27. Be4 Bg7 28. Qg5 Rf8 29.
h4 Nb4 30. h5 Bxe4 31. Nxe4 f5 32. Nd6 f4 33. Rxf4 Qxd6 34. h6 Rxf4 35. Bxf4 Qf6 36. hxg7 Qxg5 37. Bxg5 Nxc2 38. a3 Ne1 39. Bh6 Nxd3 40.
b3 Ne5 41. g5 b5 42. Kf2 c4 43. bxc4 bxc4 44. Ke2 Kf7 45. Kd2 Nd7 46. a4 a5 47.
Ke2 Nc5 48. Kf3 c3 49. Ke2 d3+ 50. Ke3 c2 51. Kd2 Nb3+ 0-1

[Event "GrandPrix_29.05"]
[Site "Chess.com"]
[Date "2020.05.29"]
[Round "6"]
[White "woodhy"]
[Black "Sporty207"]
[Result "0-1"]
[WhiteElo "2045"]
[BlackElo "2228"]
[TimeControl "600+2"]
[EndTime "11:59:53 PDT"]
[Termination "Sporty207 won by checkmate"]

1. e4 e6 2. d4 d5 3. e5 c5 4. c3 Nc6 5. Be3 Qb6 6. Qd2 cxd4 7. cxd4 Bb4 8. Nc3 Nh6 9. Bd3 Bd7 10. Nf3 Ng4 11.
O-O Nxe3 12. fxe3 Be7 13. Rac1 Rc8 14. Na4 Qb4 15. Nc3 Qb6 16. a3 O-O 17. b4 Qd8 18. e4 dxe4 19. Nxe4 a6 20. Qe3 Na7 21. Neg5 h6 22.
Rxc8 Nxc8 23. Qe4 g6 24. Nxf7 Rxf7 25. Qxg6+ Rg7 26. Qxh6 Qf8 27. Nh4 Rxg2+ 28. Nxg2 Qxh6 29. Rf3 Bc6 30. Rg3+ Kf8 31. Ne3 Nb6 32. Ng4 Qc1+ 33.
Kf2 Qd2+ 34. Kf1 Bh4 35. Rh3 Qe1# 0-1

[Event "GrandPrix_29.05"]
[Site "Chess.com"]
[Date "2020.05.29"]
[Round "6"]
[White "ZefirKa"]
[Black "lelajavakhishvili"]
[Result "0-1"]
[WhiteElo "2082"]
[BlackElo "2106"]
[TimeControl "600+2"]
[EndTime "11:59:56 PDT"]
[Termination "lelajavakhishvili won on time"]

1. e4 d6 2. d4 Nf6 3. Nc3 g6 4. f4 Bg7 5. Nf3 Nc6 6. Be3 O-O 7. Qd2 Bg4 8. d5 Bxf3 9. gxf3 Nb8 10. f5 c6 11. fxg6 fxg6 12. Bh3 Nbd7 13. f4 cxd5 14. exd5 Rc8 15. Bd4 Rc4 16. O-O-O Nc5 17. Bxc5 Rxc5 18. Be6+ Kh8 19. Rde1 Qa5 20. a3 Nh5 21. Ne4 Qxd2+ 22. Kxd2 Rc7 23. Ng5 h6 24. Nf7+ Kh7 25. f5 g5 26. c3 Bf6 27. h4 gxh4 28. Rhg1 Ng3 29. Kd3 Kg7 30. Re3 Rxf7 31. Bxf7 Kxf7 32. Rf3 Rc5 33.
c4 b5 34. b3 bxc4+ 35. bxc4 Ra5 36. Kc2 Rc5 37. Kb3 Rc8 38. Kb4 Rb8+ 39. Ka5 Ne4 40.
Rg6 Bg5 0-1

[Event "GrandPrix_29.05"]
[Site "Chess.com"]
[Date "2020.05.29"]
[Round "6"]
[White "pheonixking2000"]
[Black "Sam_ChessMood"]
[Result "0-1"]
[WhiteElo "2527"]
[BlackElo "2604"]
[TimeControl "600+2"]
[EndTime "12:00:00 PDT"]
[Termination "Sam_ChessMood won by resignation"]

1. c4 e5 2. g3 Nf6 3. Bg2 c6 4. Nf3 e4 5. Nd4 Qb6 6. Nb3 a5 7. d3 a4 8. N3d2 Bc5 9. e3 exd3 10.
O-O O-O 11. Nc3 Qa6 12. b3 a3 13. Nf3 d5 14. cxd5 cxd5 15. Ne5 Bf5 16. g4 Nbd7 17.
Nxd7 Bxd7 18. g5 Bb4 19. Bd2 Bxc3 20. Bxc3 Ne4 21. Rc1 Rac8 22. Bb4 Rxc1 23. Qxc1 Rc8 24. Qxa3 Qxa3 25. Bxa3 Ra8 26. Be7 Rxa2 27. f3 Nc3 28. Bb4 d4 29. exd4 Ne2+ 30. Kh1 Nf4 31. Rd1 Nxg2 0-1

[Event "GrandPrix_29.05"]
[Site "Chess.com"]
[Date "2020.05.29"]
[Round "6"]
[White "DaggiGretarsson"]
[Black "Promacherr"]
[Result "0-1"]
[WhiteElo "2035"]
[BlackElo "2186"]
[TimeControl "600+2"]
[EndTime "12:00:03 PDT"]
[Termination "Promacherr won by resignation"]

1. d4 d5 2. c4 c6 3. Nc3 Nf6 4. e3 g6 5. Nf3 Bg7 6. Be2 O-O 7. O-O Bg4 8. cxd5 cxd5 9. Qb3 Bc8 10. Bd2 Nc6 11. Rfc1 e6 12. Na4 Nd7 13. Bb5 Ncb8 14. Bb4 Re8 15. Bd6 a6 16. Bc7 Qe7 17.
Bxd7 Nxd7 18. Nb6 Nxb6 19. Qxb6 Bf8 20. Rc5 f6 21. Rac1 Qd7 22. Ra5 Qe7 23. a3 Bd7 24.
Qxb7 Bb5 25. Qb6 Rec8 26. Rc3 Qd7 27. h3 h5 28. Ne1 g5 29. Nc2 Re8 30. b3 Rac8 31.
a4 Be2 32. f3 Re7 33. Rac5 Ree8 34. Rc6 g4 35. Kf2 gxf3 36. gxf3 Bd1 37. Bg3 h4 38. Bxh4 Rb8 39. Qxa6 Qh7 40. Bxf6 Qxh3 41. Qf1 Qxf3+ 42. Ke1 Qg4 43. Rc7 Bxc2 44. Qh1 Qd1+ 0-1

[Event "GrandPrix_29.05"]
[Site "Chess.com"]
[Date "2020.05.29"]
[Round "6"]
[White "Petriashvili02"]
[Black "Zubrrr"]
[Result "0-1"]
[WhiteElo "2238"]
[BlackElo "2581"]
[TimeControl "600+2"]
[EndTime "12:00:14 PDT"]
[Termination "Zubrrr won by checkmate"]

1. c4 f5 2. Nc3 Nf6 3. g3 g6 4.
Bg2 Bg7 5. Nf3 O-O 6. d4 d6 7. O-O Qe8 8. d5 a5 9. Nd4 Na6 10. b3 Bd7 11. Bb2 Nc5 12. Re1 Qf7 13. Qc2 f4 14.
Nf3 Ng4 15. Rad1 fxg3 16. hxg3 g5 17. Rf1 Qh5 18. Rfe1 Rf7 19. a3 Bf5 20. e4 Bg6 21. b4 axb4 22. axb4 Na6 23. Qd2 Raf8 24. Qe2 Nxb4 25. e5 Rxf3 26. Bxf3 Qh2+ 27. Kf1 Nxe5 28. Bg2 Nbd3 29. Ne4 Bxe4 30. f4 gxf4 31. Qxe4 fxg3+ 32. Ke2 Rf2+ 33. Ke3 Qh6+ 34. Kd4 Nc6+ 35. Kxd3 Nb4# 0-1

[Event "GrandPrix_29.05"]
[Site "Chess.com"]
[Date "2020.05.29"]
[Round "6"]
[White "Mesropov_Konstantin"]
[Black "GM_LOADING"]
[Result "1-0"]
[WhiteElo "2293"]
[BlackElo "2320"]
[TimeControl "600+2"]
[EndTime "12:00:15 PDT"]
[Termination "Mesropov_Konstantin won by resignation"]

1. c4 e6 2. Nf3 Nf6 3. Nc3 Bb4 4. Qb3 c5 5. e3 O-O 6. d4 d6 7. Be2 Nc6 8. O-O Qe7 9. a3 Ba5 10. Qc2 Bd7 11. Bd2 Rac8 12. b4 cxb4 13. axb4 Nxb4 14. Qb3 b6 15. Bc1 Nc6 16. Ba3 Rfd8 17. Nb5 Be8 18. Rfc1 Ne4 19. Bd3 f5 20. d5 exd5 21. cxd5 Ne5 22.
Nxe5 Qxe5 23. Bb2 Qe7 24. Nd4 Bd7 25. Nc6 Bxc6 26. dxc6+ d5 27. Qa4 Nc5 28. Ba3 Nxa4 29. Bxe7 Re8 30. Bxf5 Rc7 31. Bd6 Rf7 32. Bd7 Rd8 33.
Rxa4 1-0

[Event "GrandPrix_29.05"]
[Site "Chess.com"]
[Date "2020.05.29"]
[Round "6"]
[White "Winawer81"]
[Black "PlayChessSimple"]
[Result "1-0"]
[WhiteElo "2192"]
[BlackElo "2203"]
[TimeControl "600+2"]
[EndTime "12:00:19 PDT"]
[Termination "Winawer81 won by resignation"]

1. e4 e6 2. d4 d5 3. Nd2 Nf6 4. e5 Nfd7 5. Bd3 c5 6. c3 Nc6 7. Ne2 cxd4 8. cxd4 Nb6 9. O-O Bd7 10. Nf3 h6 11. Nf4 Rc8 12. Nh5 Nb4 13. Be2 a5 14. a3 Nc6 15. Qd2 a4 16. Qf4 Ne7 17. Qg4 Nf5 18. Bd3 Rh7 19. Qh3 Rh8 20. g4 Ne7 21.
g5 Nf5 22. Bxf5 exf5 23. gxh6 Rxc1 24. hxg7 Rxf1+ 25. Kxf1 Bxg7 26. Nxg7+ Ke7 27. Nxf5+ Bxf5 28. Qxf5 Nd7 29. Rc1 f6 30. exf6+ Kf8 31. Ne5 1-0

[Event "GrandPrix_29.05"]
[Site "Chess.com"]
[Date "2020.05.29"]
[Round "6"]
[White "Karinaa87"]
[Black "Chessbuster123"]
[Result "1-0"]
[WhiteElo "1890"]
[BlackElo "1942"]
[TimeControl "600+2"]
[EndTime "12:00:21 PDT"]
[Termination "Karinaa87 won by resignation"]

1. d4 Nf6 2. c4 g6 3. Nc3 Bg7 4. e4 O-O 5. Bd3 d6 6. Nge2 Nc6 7. f3 Nd7 8. Be3 Na5 9. Qd2 c5 10. d5 Ne5 11. b3 b5 12. cxb5 a6 13. b6 Qxb6 14. Rc1 Bd7 15. h4 h5 16. Bb1 Bb5 17. Bh6 c4 18. Bxg7 Kxg7 19. b4 Nb7 20. Nf4 a5 21. a4 Bd7 22. b5 Nc5 23. Rd1 Nb3 24. Qf2 Qc7 25. O-O f6 26. Qg3 Kf7 27. Nce2 Qc5+ 28. Qf2 Qb4 29. Bc2 Qxa4 30. Nd4 Qb4 31. Nde6 Rac8 32. Nxf8 Kxf8 33. b6 Rc5 34. Qg3 Kf7 35.
Ne6 Bxe6 36. dxe6+ Kxe6 37. f4 Ng4 38. e5 Qxb6 39. Bxg6 Rxe5+ 40. Kh1 Re3 41. Rde1 Kd7 42. Rf3 Rxf3 43. Qxf3 Nd4 44. Qa8 e5 45. fxe5 dxe5 46. Qd5+ Ke7 47. Qf7+ Kd6 48. Bxh5 Nf3 49. Rd1+ Kc5 50. Qd5+ Kb4 51. Bxg4 1-0

[Event "GrandPrix_29.05"]
[Site "Chess.com"]
[Date "2020.05.29"]
[Round "6"]
[White "Misterlose0"]
[Black "Tormoz"]
[Result "0-1"]
[WhiteElo "1596"]
[BlackElo "2445"]
[TimeControl "600+2"]
[EndTime "12:00:22 PDT"]
[Termination "Tormoz won by checkmate"]

1. e4 e6 2. d4 d5 3. exd5 exd5 4. Nf3 Nc6 5. Bb5 Bd6 6. c4 dxc4 7. d5 a6 8. Ba4 b5 9. dxc6 bxa4 10. O-O Ne7 11. Nbd2 Be6 12. Ng5 Bd5 13. Re1 O-O 14. Qc2 Ng6 15. Nxc4 Bxc6 16. Be3 Bb4 17. Red1 Qe7 18.
h4 h6 19. a3 hxg5 20. Bxg5 Qe6 21. axb4 Be4 22. Qe2 f6 23. Rd4 Rae8 24. f3 Bxf3 25. Qxe6+ Rxe6 26. Bf4 Nxh4 27. Bxc7 Nxg2 28. Kf2 Bc6 29.
Rg1 Rfe8 30. Rd2 Nf4 31. Bxf4 Re4 32. Nd6 Rxf4+ 33. Kg3 Rf3+ 34. Kg4 Re5 35. Rc1 Rg5+ 36. Kh4 Bd7 37. Rh2 Rf4# 0-1

[Event "GrandPrix_29.05"]
[Site "Chess.com"]
[Date "2020.05.29"]
[Round "6"]
[White "MAS_1704"]
[Black "Lavrov_Maxim"]
[Result "0-1"]
[WhiteElo "2127"]
[BlackElo "2321"]
[TimeControl "600+2"]
[EndTime "12:00:25 PDT"]
[Termination "Lavrov_Maxim won by resignation"]

1. d4 Nf6 2. Nf3 g6 3. Bf4 Bg7 4. e3 O-O 5. Be2 d6 6. h3 b6 7. O-O Bb7 8. c4 Nbd7 9. Nc3 Re8 10. d5 e5 11. Bg3 Nc5 12. Nd2 a5 13. b3 e4 14. Qc2 Bc8 15. Bh4 h6 16. a3 g5 17. Bg3 Bf5 18. b4 Nd3 19. bxa5 bxa5 20. Nb3 Nd7 21. Nd4 Bxd4 22. exd4 Nf4 23. Rfe1 Qf6 24.
Qd2 Nd3 25. Nb5 Nxe1 26. Rxe1 Rac8 27. Qxa5 e3 28. f3 Qd8 29. Qc3 Nf6 30. Bf1 Bd7 31. a4 Bxb5 32. axb5 Qe7 33. Qb3 Nh5 34. Bh2 Qf6 35. Qd3 Nf4 36. Qd1 e2 37. Bxe2 Rxe2 38. Rxe2 Qxd4+ 0-1

[Event "GrandPrix_29.05"]
[Site "Chess.com"]
[Date "2020.05.29"]
[Round "6"]
[White "Paulz64"]
[Black "metra93"]
[Result "1-0"]
[WhiteElo "2229"]
[BlackElo "2231"]
[TimeControl "600+2"]
[EndTime "12:00:33 PDT"]
[Termination "Paulz64 won by resignation"]

1. d4 d5 2. c4 dxc4 3. Nf3 Nf6 4. e3 a6 5. a4 Bg4 6. Bxc4 e6 7. O-O Nc6 8. Nc3 Bd6 9. Be2 O-O 10. Nd2 Bxe2 11. Qxe2 e5 12. d5 Nb4 13. e4 Nc2 14. Rb1 Nd4 15.
Qd3 Nd7 16. Nf3 Nc5 17. Qd1 Qf6 18. Be3 Nxf3+ 19. Qxf3 Qxf3 20. gxf3 Nd3 21. Rfd1 Nb4 22. Rbc1 f5 23. Nb1 Rf6 24. Na3 Raf8 25. Nc4 Rg6+ 26. Kf1 h5 27. Nxd6 cxd6 28. Rc7 h4 29. Rxb7 Nc2 30. Ba7 fxe4 31. fxe4 h3 32. Rd2 Rc8 33. Rb8 Rxb8 34. Bxb8 Nd4 35. f4 Nf3 36. Re2 exf4 37. Rf2 Rg1+ 38. Ke2 Ng5 39. Rxf4 Rg2+ 40. Kd3 Rxh2 41. Bxd6 Rxb2 42. Rf8+ Kh7 43. Rf1 Rb3+ 44.
Kd4 Nf3+ 45. Kc5 g5 46. e5 g4 47. e6 Rc3+ 48. Kb4 Re3 49. e7 Kg6 50. Ka5 Kf7 51. Kxa6 Rd3 52. Bb4 Rxd5 53. Rc1 Re5 54. Rc8 h2 55. Rf8+ Kg6 56. Rg8+ Kf5 57. Rf8+ Ke4 58. e8=Q h1=Q 59. Qc6+ Ke3 60. Bc5+ Ke2 61. Qb5+ Kd2 62. Bb4+ Ke3 63. Rxf3+ Kxf3 64. Qxe5 Qf1+ 65. Kb6 Qf2+ 66. Bc5 Qa2 67. Qf6+ Kg2 68. a5 g3 69. Bd6 Qb3+ 70. Ka7 Qa4 71. a6 Qd7+ 72. Kb6 Qd8+ 73. Qxd8 1-0

[Event "GrandPrix_29.05"]
[Site "Chess.com"]
[Date "2020.05.29"]
[Round "6"]
[White "GMMarcinDziuba"]
[Black "RaphaeI"]
[Result "1-0"]
[WhiteElo "2484"]
[BlackElo "2260"]
[TimeControl "600+2"]
[EndTime "12:00:36 PDT"]
[Termination "GMMarcinDziuba won on time"]

1. c4 e5 2. g3 Nf6 3. Bg2 c6 4. Nf3 e4 5. Nd4 Qb6 6. Nc2 d5 7. cxd5 cxd5 8. O-O Be7 9. Nc3 O-O 10. d3 Rd8 11.
Be3 Qa6 12. b4 Bg4 13. h3 Bh5 14. Qd2 Nbd7 15. b5 Qe6 16. Nd4 Qe5 17. g4 Bg6 18.
f4 exf3 19. Nxf3 Qd6 20. Nd4 h6 21. Kh1 Rac8 22. Rac1 Nb6 23. a4 a5 24. bxa6 bxa6 25. a5 Nbd7 26. Na4 Qa3 27. Nb6 Rxc1 28. Qxc1 Qxc1 29.
Rxc1 Bc5 30. Rxc5 Nxc5 31. Nc6 Rd6 32. Ne7+ 1-0

[Event "GrandPrix_29.05"]
[Site "Chess.com"]
[Date "2020.05.29"]
[Round "6"]
[White "DaviD-GevorG"]
[Black "Yurovskykh_Alexander"]
[Result "0-1"]
[WhiteElo "1841"]
[BlackElo "2228"]
[TimeControl "600+2"]
[EndTime "12:00:37 PDT"]
[Termination "Yurovskykh_Alexander won on time"]

1. d4 d5 2. c4 dxc4 3. Nf3 Nf6 4. e3 e6 5. Bxc4 c5 6. O-O Nc6 7. dxc5 Bxc5 8. Qxd8+ Kxd8 9. Nc3 Ke7 10. a3 Bd6 11.
Nb5 Bb8 12. Nbd4 Nxd4 13. Nxd4 Bd7 14. Bd2 Bd6 15. Nb5 Bxb5 16. Bxb5 Rac8 17. Rfc1 a6 18. Be2 Ne4 19. Rxc8 Rxc8 20. Rc1 Rxc1+ 21. Bxc1 Be5 22.
Bd3 Nc5 23. Bc2 b5 24. f3 a5 25. Kf2 a4 26. f4 Bf6 27. e4 e5 28. f5 Kd6 29. g3 Bd8 30. Bd2 Bb6 31. Ke2 Kc6 32.
g4 h6 33. h4 f6 34. g5 hxg5 35. hxg5 fxg5 36. Bxg5 Nd7 37. Kf3 Bd4 38. b3 axb3 39.
Bxb3 Bc5 40. a4 bxa4 41. Bxa4+ Kd6 42. Bxd7 Kxd7 43. Kg4 Ke8 44. Bd2 Bd4 45. Ba5 Kf7 46. Kf3 g6 47. Kg4 Kf6 48. Bd8+ Kf7 49. Bc7 Bc3 50.
Kg5 Bd2+ 0-1

[Event "GrandPrix_29.05"]
[Site "Chess.com"]
[Date "2020.05.29"]
[Round "6"]
[White "Martin_Petrov2000"]
[Black "arminmusovic"]
[Result "0-1"]
[WhiteElo "2031"]
[BlackElo "2237"]
[TimeControl "600+2"]
[EndTime "12:00:37 PDT"]
[Termination "arminmusovic won on time"]

1. c4 e5 2. a3 Nf6 3. Nc3 c6 4. Nf3 e4 5. Nd4 d5 6. cxd5 cxd5 7. d3 exd3 8. Qxd3 Nc6 9. g3 Be7 10. Bg2 O-O 11. O-O Ne5 12. Qd1 Bg4 13. Bg5 Nc4 14.
b3 Nb6 15. Qd3 h6 16. Bf4 Rc8 17. Rfc1 Bh5 18. Nf5 Bg6 19. Nb5 Rxc1+ 20. Rxc1 a6 21. Bc7 Qd7 22. Nxe7+ Qxe7 23. Qd2 Nc8 24. Nd4 Qxa3 25.
Ba5 Qe7 26. Rc7 Qe5 27. Rxb7 Nd6 28. Bc7 Nfe8 29. Bb8 Qf6 30. Rb6 Qd8 31. Qa5 Ne4 32. Nc6 Qf6 33. Bf4 Qb2 34. Ne7+ Kh7 35. Qxd5 Qa1+ 36.
Bf1 N8f6 37. Qe5 Qd1 38. Nxg6 fxg6 39. Rb7 Nxf2 40. Kg2 N2g4 41. Qe7 Qd5+ 42. Kg1 Nh5 43. Qd7 Qc5+ 44. Kh1 Qf2 0-1

[Event "GrandPrix_29.05"]
[Site "Chess.com"]
[Date "2020.05.29"]
[Round "6"]
[White "BogdanDeac"]
[Black "chessfreak35"]
[Result "1/2-1/2"]
[WhiteElo "2348"]
[BlackElo "2425"]
[TimeControl "600+2"]
[EndTime "12:00:38 PDT"]
[Termination "Game drawn by agreement"]

1. Nf3 d5 2. d4 Nf6 3. c4 e6 4. Nc3 Bb4 5. Bg5 h6 6. Bxf6 Qxf6 7. Qa4+ Nc6 8. e3 O-O 9. Rd1 Rd8 10. h3 Bd7 11.
Qc2 dxc4 12. Bxc4 a6 13. O-O Bd6 14. Qe4 b5 15. Bb3 Nb4 16. a3 Bc6 17. Qh4 Bxf3 18. Qxf6 gxf6 19. gxf3 Nc6 20. Rc1 Ne7 21. f4 f5 22.
Rfd1 c6 23. Nb1 a5 24. Nd2 a4 25. Ba2 Rab8 26. Nf3 b4 27. axb4 Rxb4 28. Rc4 Rdb8 29.
Rd2 Rxc4 30. Bxc4 c5 31. dxc5 Bxc5 32. Ne5 Kg7 33. Nd7 Rb4 34. Be2 Ba7 35. Ne5 Bb8 36.
Nd3 Rb5 37. Rd1 Ra5 38. Ra1 Bd6 39. Bd1 a3 40. bxa3 Rxa3 41. Rxa3 Bxa3 42. Bh5 Bd6 43. Kg2 Nd5 44. Bf3 Nb4 45. Nxb4 Bxb4 46. e4 1/2-1/2

[Event "GrandPrix_29.05"]
[Site "Chess.com"]
[Date "2020.05.29"]
[Round "6"]
[White "Msb2"]
[Black "TimofeevAr"]
[Result "0-1"]
[WhiteElo "2535"]
[BlackElo "2635"]
[TimeControl "600+2"]
[EndTime "12:00:43 PDT"]
[Termination "TimofeevAr won by checkmate"]

1. d4 Nf6 2. c4 g6 3. Nc3 d5 4.
cxd5 Nxd5 5. e4 Nb6 6. Be2 Bg7 7. Nf3 Bg4 8. Be3 O-O 9. O-O Nc6 10. e5 Nb4 11. h3 Bxf3 12. Bxf3 c6 13. Qe2 N4d5 14. Rad1 a5 15. Ne4 a4 16. Nc5 Qc7 17. Bd2 e6 18. Rfe1 Nd7 19. Ne4 Qb6 20. Bg5 a3 21. b3 Qb4 22. Qd3 Qb6 23. h4 h6 24. Bc1 Rfd8 25.
h5 g5 26. Nxg5 hxg5 27. Bxg5 Nb4 28. Qb1 Nf8 29. h6 Bh8 30. Re4 Ng6 31. Bh5 Kh7 32. Rf4 Qc7 33. Bxd8 Rxd8 34. Rg4 Rg8 35. Re1 Nd5 36.
Qd3 Ne7 37. Rf4 Nf5 38. Rxf5 exf5 39. Qxf5 Qe7 40. Re3 Qe6 41. Qc2 Kxh6 42. Bxg6 Rxg6 43. Qe4 Qg4 44. f4 f5 45. Qf3 Kg7 46. Qxg4 Rxg4 47. g3 Kf7 48. b4 Ke6 49. Rxa3 Bg7 50. Kf2 Bf8 51. Ra7 Bxb4 52. Rxb7 Bc3 53. Rc7 Bxd4+ 54. Kf3 c5 55. Rc6+ Ke7 56. Rf6 c4 57. Rc6 c3 58.
Rc4 Bxe5 59. Rc5 Bf6 60. Rxf5 Rg8 61. Rc5 Kd6 62. Rc4 Kd5 63. Rc7 Bd4 64. g4 Bc5 65. Ke2 Rxg4 66. f5 c2 67. Kd2 Rg2+ 68. Kd3 c1=Q 69. Rd7+ Kc6 70. Rc7+ Kxc7 71. Ke4 Qe3+ 72.
Kd5 Qd4+ 73. Ke6 Qd6+ 74. Kf7 Qe7# 0-1

[Event "GrandPrix_29.05"]
[Site "Chess.com"]
[Date "2020.05.29"]
[Round "6"]
[White "ChessQueen"]
[Black "OhanyanEminChess"]
[Result "1-0"]
[WhiteElo "2027"]
[BlackElo "2046"]
[TimeControl "600+2"]
[EndTime "12:00:47 PDT"]
[Termination "ChessQueen won by resignation"]

1. e4 e5 2. Nf3 Nc6 3. Bb5 f5 4. Nc3 fxe4 5. Nxe4 Nf6 6. Qe2 Qe7 7. Nxf6+ gxf6 8. Qe4 a6 9. Bc4 Bg7 10. Nh4 d6 11. c3 Nd8 12. Nf5 Bxf5 13. Qxf5 c6 14. O-O d5 15. Be2 O-O 16. f3 Nf7 17. Bd3 e4 18. fxe4 Nd6 19. Qf4 dxe4 20. Bc2 f5 21. d3 Rae8 22. Qg5 Qd7 23. Qg3 exd3 24. Bxd3 Ne4 25.
Qh3 Rf6 26. Bf4 Rg6 27. Rae1 Qf7 28. Bc1 Nd6 29. Rxe8+ Qxe8 30. Bf4 Be5 31. Re1 Bxf4 32. Rxe8+ Nxe8 33. Bxf5 Rg7 34. Be6+ Kf8 35. Qf5+ Ke7 36. Qxf4 Kxe6 37. Qe4+ Kf7 38. Qc4+ Kf8 39. g3 Nf6 40. Qf4 Rf7 41. Qe5 Nd7 42. Qh8+ Ke7 43. Qc8 Nc5 44. b4 1-0

[Event "GrandPrix_29.05"]
[Site "Chess.com"]
[Date "2020.05.29"]
[Round "6"]
[White "eljanov"]
[Black "swisspower96"]
[Result "0-1"]
[WhiteElo "2294"]
[BlackElo "2353"]
[TimeControl "600+2"]
[EndTime "12:00:58 PDT"]
[Termination "swisspower96 won by resignation"]

1. e4 c5 2. Nf3 Nc6 3. Bb5 g6 4. Bxc6 dxc6 5. d3 Bg7 6. h3 Nf6 7. Nc3 Nd7 8. Be3 e5 9. Qd2 h6 10. a3 b6 11. O-O Nf8 12. b4 Ne6 13. bxc5 f5 14. exf5 gxf5 15. Qe1 O-O 16. cxb6 axb6 17. Bd2 Qd6 18. Rb1 b5 19. Nxb5 cxb5 20. Bb4 Qd5 21. Bxf8 Kxf8 22. c4 bxc4 23. dxc4 Qxc4 24. Nxe5 Qd5 25. Qb4+ Kg8 26. Ng6 Kh7 27. Ne7 Qd7 28. Nxf5 Ng5 29. Nxg7 Qxg7 30. Kh2 Bf5 31. Rb3 Ne4 32.
Qb7 Ra7 33. Qxg7+ Kxg7 34. Re1 Bg6 35. Re2 h5 36. Rbe3 Ra4 37. f3 Nd6 38. Re7+ Kh6 39.
R2e6 Nf5 40. Rf7 Kg5 41. f4+ Rxf4 42. Rff6 Bh7 43. Rf7 Bg8 44. Ref6 Bxf7 45. Rxf7 h4 46. Ra7 Ng3 47. Rg7+ Kh5 48. Rh7+ Kg6 49. Rh8 Kg7 0-1